Cogmind - Beta 17 @@@ ROGUE MODE // 2026.07.11 @ 13:05:04 Player: Cracklepappy Result: Destroyed by S-10 Pest with Light Assault Rifle Performance ------------- Evolutions (0) 0 Regions Visited (2) 400 Robots Destroyed (26) 130 Value Destroyed (449) 449 Prototype IDs (3) 60 Alien Tech Used (0) 0 Bonus (5250) 5250 TOTAL SCORE: 6289 Bonus ------- Prayed to X0-1V1 5000 Major X0-1V1 Interference 250 Cogmind --------- Core Integrity 0/150 Matter 242/300 Energy 97/100 System Corruption 4% Temperature Cool (6) Movement Flying (32) Location -10/Subcaves Parts ------- > --- POWER (1) -------- (None) > --- PROPULSION (2) --- VTOL Module VTOL Module > --- UTILITY (2) ------ Weight Redist. System > --- WEAPON (2) ------- (None) > --- INVENTORY (5) ---- Wheel Huge Storage Unit Rocket Launcher Mining Laser Peak State ------------ > --- POWER ------------ Light Nuclear Core > --- PROPULSION ------- VTOL Module VTOL Module > --- UTILITY ---------- Weight Redist. System X0-1V1's Piety Tracker > --- WEAPON ----------- Assault Rifle Subdweller Shrapnel Launcher > --- INVENTORY -------- Wheel VTOL Module Huge Storage Unit Rocket Launcher Mining Laser [Rating: 25] Favorites ----------- Power Light Ion Engine Engine Light Ion Engine Power Core Light Nuclear Core Propulsion VTOL Module Treads Light Treads Flight Unit VTOL Module Utility Weight Redist. System Device Weight Redist. System Storage Small Storage Unit Weapon Assault Rifle Energy Gun EM Pulse Gun Ballistic Gun Assault Rifle Launcher Subdweller Shrapnel Launcher Build | -11 -10 -10 ------- Run | Yrd Mat Sub Slots Evolved . | . . . Power . | . . . Propulsion . | . . . Utility . | . . . Weapon . | . . . Parts Attached 20 | 5 13 2 Power 4 | . 4 . Engine 3 | . 3 . Core 1 | . 1 . Reactor . | . . . Propulsion 6 | 2 3 1 Treads 3 | 2 1 . Leg . | . . . Wheel . | . . . Hover . | . . . Flight 3 | . 2 1 Utility 5 | 2 3 . Device 4 | 2 2 . Storage 1 | . 1 . Processor . | . . . Hackware . | . . . Protection . | . . . Artifact . | . . . Weapon 5 | 1 3 1 Energy Gun 2 | . 2 . Energy Cannon . | . . . Ballistic Gun 2 | 1 1 . Ballistic Cannon . | . . . Launcher 1 | . . 1 Special Weapon . | . . . Impact Weapon . | . . . Slashing Weapon . | . . . Piercing Weapon . | . . . Special Melee Weapon . | . . . Unidentified Prototypes 1 | . 1 . Parts Lost 4 | . . 4 Power . | . . . Propulsion 1 | . . 1 Utility 1 | . . 1 Weapon 2 | . . 2 Highest Loss Streak 4 | . . 4 To Critical Strikes . | . . . Average Backups 5 | 3 6 4 Power . | . . . Propulsion 2 | . 2 1 Utility 1 | . 1 1 Weapon 2 | 1 2 2 Tool/Special . | . . . Unused Backups 7 | . 3 4 Power . | . . . Propulsion 3 | . 2 1 Utility 2 | . 1 1 Weapon 2 | . . 2 Tool/Special . | . . . Average Slot Usage (%) 92 | . 92 91 Engine 9 | . 11 . Core 3 | . 2 9 Flight 26 | . 25 27 Device 18 | . 16 27 Storage 5 | . 7 . Energy Gun 2 | . 1 9 Ballistic Gun 24 | . 26 14 Peak Build Rating 25 | 7 24 25 Average Rating 11 | 3 9 21 On Entrance 9 | . 4 24 Avg Prop Armor Cover (%) 29 | 31 24 . Naked Turns . | . . . Heaviest Build 13 | 3 13 11 Greatest Support 20 | 20 14 14 Greatest Overweight (x) . | . . . Average Overweight (x) . | . . . Largest Inventory Capacity 8 | 5 8 5 Average Capacity 6 | 5 6 5 Most Carried 8 | 5 8 5 Average Carried 5 | 3 6 4 Final Capacity 5 | 5 5 5 Final Carried 5 | 5 5 4 Class Distribution -------------------- 94% | Sprinter 5% | Mutant Dominant Class ---------------- Sprinter | -10/Materials Sprinter | -10/Subcaves Resources | -11 -10 -10 ----------- Run | Yrd Mat Sub Matter Collected 804 | 295 437 72 Remotely . | . . . Salvage Created 785 | 189 513 83 Parts 55 | 10 40 5 Haulers Intercepted 2 | . 2 . Recyclers Shooed 2 | 1 1 . Parts Field Recycled . | . . . Retrieved Matter . | . . . Parts Self-Destructed 2 | . . 2 Prevented . | . . . Parts Restored . | . . . Kills | -11 -10 -10 ------- Run | Yrd Mat Sub Combat Hostiles Destroyed 16 | . 12 4 Guns 13 | . 12 1 AOE 3 | . . 3 Classes Destroyed 9 | 2 6 1 Builder 1 | . 1 . Tunneler 4 | 4 . . Hauler 2 | . 2 . Recycler 1 | 1 . . Mechanic 1 | . 1 . Operator 1 | . 1 . Swarmer 8 | . 6 2 Grunt 6 | . 6 . Subdweller 2 | . . 2 Best Kill Streak 5 | 4 5 3 Combat Bots Only 5 | . 5 3 Max Kills in Single Turn 2 | 1 1 2 Gunslinging . | . . . Exploded 2 | . . 2 Melee . | . . . Uniques/NPCs Destroyed . | . . . Combat | -11 -10 -10 -------- Run | Yrd Mat Sub Hostile Shots Fired 58 | . 37 21 Missed 24 | . 16 8 Hits 34 | . 21 13 Projectile 34 | . 21 13 AOE 4 | . . 4 Damage Taken 576 | . 211 365 Core 203 | . 49 154 Absorbed by Shields . | . . . Regen/Repaired (Parts) 16 | . 16 . Core Remaining (%) 100 | 100 . . Volleys Fired 101 | 15 75 11 Largest 2 | 1 2 2 Hottest 60 | 20 40 60 Shots Fired 183 | 15 150 18 Gun 179 | 15 150 14 Cannon . | . . . Launcher 4 | . . 4 Special . | . . . Kinetic 178 | 15 150 13 Thermal . | . . . Explosive . | . . . Electromagnetic 5 | . . 5 Robot Hit Streak 7 | 7 6 6 Robot Miss Streak 7 | 1 7 2 Penetration Max . | . . . Secondary Targets . | . . . Shots Hit Robots 88 | 12 65 11 Core Hits 41 | 6 29 6 Critical Kills . | . . . Critical Parts Destroyed . | . . . Critical Strikes . | . . . Melee Attacks . | . . . Impact . | . . . Slashing . | . . . Piercing . | . . . Sneak Attacks . | . . . Combat Hostiles . | . . . Follow-up Attacks . | . . . Damage Inflicted 1276 | 150 759 367 Guns 1030 | 150 759 121 Cannons . | . . . Explosions 246 | . . 246 Melee . | . . . Ramming . | . . . Kinetic 1244 | 150 759 335 Thermal . | . . . Explosive . | . . . Electromagnetic 32 | . . 32 Impact . | . . . Slashing . | . . . Piercing . | . . . Highest Corruption 4 | . 2 4 Average Corruption 2 | . 2 3 Corruption Purged . | . . . Corruption Blocked . | . . . Effects 3 | . . 3 Message Errors 1 | . . 1 Data Loss (minor) 1 | . . 1 Data Loss (major) 1 | . . 1 Overload Shots . | . . . Overflow Damage 46 | . . 46 Projectiles . | . . . Explosions 46 | . . 46 Melee . | . . . Knockbacks . | . . . Impact . | . . . Kinetic . | . . . Secondary . | . . . Self-Inflicted Damage 34 | . . 34 Shots 1 | . . 1 Rammed . | . . . Targets Rammed . | . . . Kicked . | . . . Crushed . | . . . Highest Temperature 13 | . 13 . Average Temperature 5 | . 5 . Received Heat Transfer 78 | . 72 6 Siege Activations . | . . . Martial Activations . | . . . Shielding Activations . | . . . Robots Disrupted . | . . . Combat Hostiles . | . . . Robots Corrupted . | . . . Combat Hostiles . | . . . Parts Fried . | . . . Impact Corruptions . | . . . Robots Melted . | . . . Combat Hostiles . | . . . Parts Melted . | . . . Heat Transferred . | . . . Parts Sabotaged . | . . . Parts Stolen . | . . . Parts Stripped . | . . . Power Chain Reactions . | . . . Alert | -11 -10 -10 ------- Run | Yrd Mat Sub Maximum Alert Level 1 | . 1 . Low Security (%) 56 | 100 49 . Level 1 43 | . 50 . Level 2 . | . . . Level 3 . | . . . Level 4 . | . . . Level 5 . | . . . High Security . | . . . Max Security . | . . . Peak Influence 295 | 15 295 . Initial 3 | . 3 . Average 146 | 2 168 . Influence Increases 602 | 25 537 40 Destroy 0b10 Robot/C 280 | . 240 40 Destroy 0b10 Robot/NC 50 | 25 25 . Destroy Leader 54 | . 54 . Successful Hack 36 | . 36 . Select Force Hacks 60 | . 60 . Destroy Structure 2 | . 2 . Partial Spotted 30 | . 30 . Lose Combat Pursuer 90 | . 90 . Influence Decreases 514 | 20 255 239 Entered New Map 141 | . 2 139 Time Decay 333 | 20 253 60 Lost Part 40 | . . 40 Squads Dispatched 4 | . 4 . Investigation 3 | . 3 . Extermination . | . . . Reinforcement 1 | . 1 . Assault . | . . . Garrison . | . . . Intercept . | . . . Searches Triggered . | . . . Construction Impeded . | . . . Haulers Reinforced . | . . . Active Scanning Responses . | . . . Cargo Convoy Interrupts . | . . . Stealth | -11 -10 -10 --------- Run | Yrd Mat Sub Distress Signals 3 | . 3 . Communications Jammed . | . . . Distress Signals . | . . . Times Spotted 38 | . 32 6 Peak Tracking Total 9 | . 9 3 Tactical Retreats 4 | . 4 . Traps | -11 -10 -10 ------- Run | Yrd Mat Sub Traps Triggered 2 | . 2 . Indirectly . | . . . Trap Hack Attempts . | . . . Triggered . | . . . Disarmed . | . . . Reprogrammed . | . . . Reused . | . . . Traps Extracted . | . . . Installed . | . . . Triggered . | . . . Machines | -11 -10 -10 ---------- Run | Yrd Mat Sub Machines Disabled . | . . . Max in Single Turn . | . . . Machines Repaired . | . . . Machines Dismantled . | . . . Machines Sabotaged . | . . . Overloaded Fab Kills . | . . . Hacking | -11 -10 -10 --------- Run | Yrd Mat Sub Machines Accessed 8 | . 8 . Terminals 5 | . 5 . Fabricators . | . . . Repair Stations 1 | . 1 . Recycling Units 2 | . 2 . Scanalyzers . | . . . Garrison Access . | . . . Total Hacks 25 | . 25 . Successful 10 | . 10 . Failed 15 | . 15 . Catastrophic 2 | . 2 . Database Lockouts . | . . . Manual 14 | . 14 . Terminals 18 | . 18 . Fabricators . | . . . Repair Stations 2 | . 2 . Recycling Units 5 | . 5 . Scanalyzers . | . . . Garrison Access . | . . . Terminal Hacks 4 | . 4 . Robot Schematic 1 | . 1 . Prototype ID Bank 1 | . 1 . Terminal Index 1 | . 1 . Locate Traps 1 | . 1 . Fabricator Hacks . | . . . Repair Station Hacks 2 | . 2 . Scan Component 1 | . 1 . Repair 1 | . 1 . Recycling Unit Hacks 2 | . 2 . Retrieve Components 2 | . 2 . Scanalyzer . | . . . Garrison Access Hacks . | . . . Unauthorized Hacks 2 | . 2 . Terminals . | . . . Fabricators . | . . . Repair Stations . | . . . Recycling Units 2 | . 2 . Tunnel 2 | . 2 . Scanalyzers . | . . . Garrison Access . | . . . Data Cores Recovered . | . . . Used . | . . . Hacking Detections 7 | . 7 . Full Trace Events . | . . . Feedback Events . | . . . Feedback Blocked . | . . . Robot Schematics Acquired 1 | . 1 . Robots Built . | . . . Authchips . | . . . Time . | . . . Total Robot Build Rating . | . . . Part Schematics Acquired . | . . . Parts Built . | . . . Authchips . | . . . Time . | . . . Total Part Build Rating . | . . . Part Studies Acquired . | . . . Parts Repaired 1 | . 1 . Time 16 | . 16 . Parts Recycled . | . . . Recycled Matter . | . . . Retrieved Matter . | . . . Retrieved Components 11 | . 11 . Parts Scanalyzed . | . . . Part Schematics Acquired . | . . . Parts Damaged . | . . . Bothacking | -11 -10 -10 ------------ Run | Yrd Mat Sub Used RIF Installer . | . . . Robots Hacked . | . . . Non-combat . | . . . Combat . | . . . Robot Hacks Applied . | . . . Relay Couplers Released . | . . . Fabnet Peak Effective % . | . . . Robots Rewired . | . . . Allies Hacked . | . . . Hacks Repelled . | . . . Allies | -11 -10 -10 -------- Run | Yrd Mat Sub Total Allies . | . . . Largest Group . | . . . Highest-Rated Group . | . . . Highest-Rated Ally . | . . . Total Orders . | . . . Ally Attacks . | . . . Total Damage . | . . . Kills . | . . . Allies Corrupted . | . . . Allies Melted . | . . . X0-1V1 Amusement Gains 44 | . 14 30 Good Acts 3 | . . 3 Bad Acts 2 | . . 2 Intel | -11 -10 -10 ------- Run | Yrd Mat Sub Active Infowar (turns) 308 | 26 282 . Terrain 2 | 2 . . Seismic 308 | 26 282 . Robot Analysis Total . | . . . Derelict Logs Recovered . | . . . Drone Launches . | . . . Drone Recoveries . | . . . Exploration | -11 -10 -10 ------------- Run | Yrd Mat Sub Turns Passed 814 | 90 589 135 Spaces Moved 1203 | 52 951 200 Core 62 | 51 11 . Treads 1 | 1 . . Legs . | . . . Wheels . | . . . Hover . | . . . Flight 1140 | . 940 200 Fastest Speed 32 | 50 32 32 Average Speed 33 | 52 32 32 Slowest Speed 160 | 160 55 35 Overloaded Moves . | . . . Propulsion Burnouts . | . . . Robots Hopped 21 | . 21 . Potential Cave-ins . | . . . Cave-ins Triggered . | . . . Exploration Rate (%) 36 | 4 95 9 Regions Visited 2 Branch Regions 1 Pre-discovered Areas 2 | . 2 . Known Exits Taken . | . . . Unknown Exits Taken 2 | 1 1 . Scrap Searched . | . . . Spaces Dug . | . . . Terrain Destroyed 73 | . . 73 Melee . | . . . Projectile . | . . . AOE 73 | . . 73 Terrain Rammed . | . . . Walls Destroyed . | . . . Machines Disabled . | . . . Actions | -11 -10 -10 --------- Run | Yrd Mat Sub Total 1429 | 97 1079 253 Wait 95 | 20 36 39 Move 1159 | 51 908 200 Hop 21 | . 21 . Pick Up 16 | 5 11 . Fast Attach 7 | 5 2 . Attach 4 | . 3 1 Detach 1 | . 1 . Swap 12 | . 11 1 Drop 13 | 1 11 1 Fire 101 | 15 75 11 Melee . | . . . Ram . | . . . Kick . | . . . Crush . | . . . Escape Stasis . | . . . Rewire . | . . . Trap . | . . . Miscellaneous . | . . . Route ------- -11/Scrapyard -10/Materials (discovered 5 exits: [*Mat x3] / [*Min] / [*Sub]) -10/Subcaves (discovered 1 exit: [*Scr]) History --------- Turn | Location | Event 5 | -11/Scrapyard | Discovered new exit (range 16) 91 | -11/Scrapyard | Entered Materials 157 | -10/Materials | Discovered new exit (range 16) 185 | -10/Materials | Discovered new exit (range 16) 320 | -10/Materials | Build established: Sprinter 469 | -10/Materials | Repaired VTOL Module 532 | -10/Materials | Discovered new exit (range 5) 556 | -10/Materials | Discovered new exit (range 16) 670 | -10/Materials | Discovered new exit (range 5) 673 | -10/Materials | Prayed at D.C.S.S. Altar Unit 680 | -10/Materials | Entered Subcaves 681 | -10/Subcaves | Approached by a straggling Scientist 706 | -10/Subcaves | Scientist uncovered a shortcut to Scraptown 741 | -10/Subcaves | Energy generation permanently improved by X0-1V1 (+10; -100 max core) 794 | -10/Subcaves | X0-1V1 sent hostile S-10 Pest (x3) 800 | -10/Subcaves | Ambushed by Subdweller buried in earth 805 | -10/Subcaves | Core integrity fell below 50% 811 | -10/Subcaves | Ambushed by Subdweller buried in earth 815 | -10/Subcaves | Destroyed by S-10 Pest with Light Assault Rifle Last Messages --------------- 00794_ X0-1V1: "C'mon, do something!" S-10 Pest form resolidifies at new position. 00795_ Destroyed Lgt. Ion Engine. 00795_ S-10 Pest destroyed. 00798_ K3-TN8(R): "ARGHSUB!" 00800_ X0-1V1's Piety Tracker destroyed. 00800_ X0-1V1 is mildly amused. 00801_ R0-DEY(R): "ARGHSUB!" 00802_ VTOL Module destroyed. 00803_ K3-TN8(R) destroyed. 00804_ Sub. Shrapnel Launcher destroyed. 00805_ X0-1V1 is amused. 00809_ Flight Unit fries itself beyond repair. 00810_ X0-1V1 makes it rain matter. 00810_ R0-DEY(R) affixes Scrap Shield Fragment to Scrap Shield. 00811_ Assault Rifle destroyed. 00812_ LG-64T(R): "THANKSYOU!" 00813_ Acquired 2 matter. 00814_ Acquired 38 matter. 00815_ X0-1V1 chuckles heartily! Map ----- +----------------------------------------------------+ | ?????????????????????????????????????????????????? | | ?????????????????????????????????????????????????? | | ?????????????????????????????????????????????????? | | ?????????????????????????????????????????????????? | | ?????????????????????????????????????????????????? | | ?????????????????????????????????????????????????? | | ?????????????????????????????????????????????????? | | ?????????????????????????????????????????????????? | | ?????????????????????????????????????????????????? | | ?????????????????????????????????????????????????? | | ?????????????????? #?????????????????????????????? | | ??????????????????? #????????????????????????????? | | ??????????????????? #???????????????????????????? | | ??????????????????## ????????#?????##???????????? | | ????????????????### ??????? ???? ###?????????? | | ????????????????# # ###???? ##?? ?????????? | | ????????????????# # ##?? #? ??????????? | | ????????????????# #?? ? ???????????? | | ????????????????# #?? ## ?????????????? | | ?????????????????# ??# ??????????????? | | ##?????????????### #?# ????????????????? | | "##???????????## ## % ?????????????????? | | "######??????# %#??????????????????? | | ! ## ##??????# #???????????????????? | | #???????# % %#?###???????????????? | | ########## @ #?""" ##??????????????? | | ##;; ; # % #"" "" #?????????#????? | | ### ; ; " ""# # # #????? | | s % ??? | | % % ??? | | " #### % ; ;; " ## ???????? | | ""##??#" & R ;;##; ;"####??????????? | | "" #???# #?#; ;;##?????????????? | | ####???# % R % #??#####??????????????? | | ???????## % % ###?????????????????????? | | ????????###### # ###???????????????????????? | | ?????????????###########?????????????????????????? | | ?????????????????????????????????????????????????? | | ?????????????????????????????????????????????????? | | ?????????????????????????????????????????????????? | | ?????????????????????????????????????????????????? | | ?????????????????????????????????????????????????? | | ?????????????????????????????????????????????????? | | ?????????????????????????????????????????????????? | | ?????????????????????????????????????????????????? | | ?????????????????????????????????????????????????? | | ?????????????????????????????????????????????????? | | ?????????????????????????????????????????????????? | | | | | +----------------------------------------------------+ Best States ------------- Heat Dissipation 25 Energy Generation 24 Energy Capacity 160 Matter Stores 300 Matter Capacity 300 Sight Range 19 Terrain Scan Density 10 Additional Mass Support 6 Evasion (%) 63 Recoil Reduction 2 Item Schematics ----------------- None Robot Schematics ------------------ M-13 Machinist | -10/Materials | Hacked Fabricated ------------ Nothing Repaired ---------- VTOL Module | 36% | -10/Materials Studied --------- None Alien Tech Used ----------------- None Achievements -------------- None Challenges ------------ None Game ------ Seed TerrabombMassModule Manual? 0 Play Time 00:20:42 Cumulative 1528.5 hours Start 2026.07.11 @ 02:34:41 End 2026.07.11 @ 13:05:04 Sessions 2 Manual Loads 0 Difficulty Rogue Special Mode None Game No. 674 Rogue 674 Adventurer 0 Explorer 0 Win Type - Total 32 Types 15/7/3/0/1/1/2/2/0/1 Lore% 93 Gallery% 87 Achievement% 76 Wizard Run 0 Options --------- Layout 0 ASCII 0 Keyboard 0 Movement Numpad Keybinds 0 Fullscreen 2 Font 24/Smallcaps Map View 76x50 Zoom Use 0% Tactical HUD 1 Map Filters NONE Filters NONE Steam 1 RUN: 328d34d2-f430-4dd3-bd8d-2a52d6fe6c4c